[Event "Titled Tuesday Blitz January 17 Early 2023"]
[White "Buchenau, Frank"]
[Black "Nugumanov, Bakhtiyar"]
[WhiteFideId "4604350"]
[BlackFideId "13701797"]
[WhiteElo "2222"]
[BlackElo "2316"]
[Result "1-0"]
[Round "09"]
[TimeControl "180+2"]
[Date "2023.01.17"]
[WhiteClock "0:00:07"]
[BlackClock "0:00:01"]

1. e4 d6 2. d4 Nf6 3. Nc3 e5 4. dxe5 dxe5 5. Qxd8+ Kxd8 6. Bc4 Ke8 7. Nf3 Bd6 8. Bg5 Nbd7 9. O-O-O a6 10. Rhe1 b5 11. Bb3 h6 12. Bh4 Bb7 13. Nd5 a5 14. Nxf6+ gxf6 15. Bd5 Bxd5 16. Rxd5 Rg8 17. Bg3 b4 18. Nh4 Nb6 19. Rd3 Rd8 20. Red1 h5 21. Nf5 Be7 22. Rxd8+ Bxd8 23. f3 Nc4 24. b3 Nb6 25. Kb2 Be7 26. Rd2 a4 27. c4 bxc3+ 28. Kxc3 axb3 29. Kxb3 Nd7 30. Bh4 Nc5+ 31. Kb2 Ne6 32. g3 Ng5 33. Bxg5 fxg5 34. a4 g4 35. Rd3 Bc5 36. Kb3 Bb6 37. Kb4 gxf3 38. Rxf3 Rg4 39. a5 Rxe4+ 40. Kb5 Ba7 41. Rc3 Re1 42. Rxc7 Rb1+ 43. Ka6 Bg1 44. Nd6+ Kd8 45. Rxf7 Bxh2 46. Rb7 1-0


[Site "https://www.chess.com"]

[Event "Titled Tuesday Blitz January 17 Early 2023"]
[White "I_KID_you_not"]
[Black "Albertini, Luca"]
[BlackFideId "847038"]
[WhiteElo "2332"]
[BlackElo "2084"]
[Result "1/2-1/2"]
[Round "09"]
[TimeControl "180+2"]
[Date "2023.01.17"]
[WhiteClock "0:00:21"]
[BlackClock "0:00:46"]

1. e4 c5 2. Nc3 Nc6 3. Bb5 Nd4 4. Nf3 a6 5. Bd3 d6 6. Nxd4 cxd4 7. Ne2 e5 8. c3 dxc3 9. dxc3 Nf6 10. c4 Be7 11. O-O Be6 12. b3 O-O 13. Qd2 Rc8 14. Ba3 Qc7 15. Rfd1 Rfd8 16. h3 Ne8 17. Nc3 g6 18. Nd5 Bxd5 19. cxd5 Ng7 20. Rac1 Qd7 21. Qa5 f5 22. b4 f4 23. f3 Rxc1 24. Rxc1 Rc8 25. Rxc8+ Qxc8 26. b5 axb5 27. Qxb5 Qc3 28. Qxb7 Qxa3 29. Qxe7 Qxd3 30. Qd8+ Kf7 31. Qd7+ Kg8 32. Qd8+ Kf7 33. Qd7+ Kf8 34. Qxd6+ Kf7 35. Qxe5 Qe3+ 36. Kh2 Nh5 37. d6 Qe1 38. Qe7+ Kg8 39. d7 Qg3+ 40. Kg1 Qe1+ 41. Kh2 Qg3+ 42. Kg1 Qe1+ 43. Kh2 1/2-1/2


[Site "https://www.chess.com"]

[Event "Titled Tuesday Blitz January 17 Early 2023"]
[White "Baches Garcia, Guillermo"]
[Black "Deev, Andrei"]
[WhiteFideId "2209764"]
[BlackFideId "4102690"]
[WhiteElo "2327"]
[BlackElo "2390"]
[Result "1-0"]
[Round "09"]
[TimeControl "180+2"]
[Date "2023.01.17"]
[WhiteClock "0:00:19"]
[BlackClock "0:00:01"]

1. e4 d6 2. d4 Nf6 3. f3 c5 4. Ne2 Nbd7 5. c4 g6 6. Nbc3 Bg7 7. Be3 O-O 8. Qd2 a6 9. a4 Qc7 10. d5 e5 11. dxe6 fxe6 12. Nf4 Ne5 13. a5 Rd8 14. Be2 Nc6 15. Nd1 Nd4 16. Bxd4 cxd4 17. O-O e5 18. Nd5 Nxd5 19. cxd5 Qf7 20. b4 Qf8 21. Nb2 Bd7 22. Nc4 Bh6 23. Qa2 Rac8 24. Bd3 Bb5 25. Rae1 Rc7 26. Qe2 Bxc4 27. Bxc4 Rdc8 28. Bd3 Rc3 29. g3 Be3+ 30. Kg2 Rb3 31. f4 Rxb4 32. fxe5 Qe7 33. e6 1-0


[Site "https://www.chess.com"]

[Event "Titled Tuesday Blitz January 17 Early 2023"]
[White "Grot, Blazej"]
[Black "Heinemann, Josefine"]
[WhiteFideId "21835845"]
[BlackFideId "12900460"]
[WhiteElo "1990"]
[BlackElo "2289"]
[Result "0-1"]
[Round "09"]
[TimeControl "180+2"]
[Date "2023.01.17"]
[WhiteClock "0:00:49"]
[BlackClock "0:00:53"]

1. d4 Nf6 2. c4 e6 3. g3 d5 4. Bg2 dxc4 5. Nf3 c5 6. Qa4+ Nbd7 7. Qxc4 a6 8. O-O b5 9. Qc2 Bb7 10. Rd1 Rc8 11. Nc3 cxd4 12. Nxd4 Bxg2 13. Kxg2 b4 14. Qa4 bxc3 15. bxc3 Qc7 16. Bg5 Be7 17. Rac1 O-O 18. h4 Nc5 19. Qc2 Rfd8 20. Be3 Nce4 21. g4 Nxc3 22. Rd3 Ncd5 23. Qxc7 Rxc7 24. Nc6 Nxe3+ 25. Rxe3 Re8 26. g5 Nd5 27. Rb3 h6 28. gxh6 gxh6 29. Nxe7+ Rcxe7 30. Rc6 Ra8 31. a4 Rd7 32. e4 Nf6 33. e5 Nd5 34. a5 Kf8 35. Kh2 Ke7 36. Rg3 Nf4 37. Rc5 Nd3 38. Rc2 Nxe5 39. Rg7 Rb8 40. Rh7 Rb5 41. Rxh6 Ng4+ 0-1


[Site "https://www.chess.com"]

[Event "Titled Tuesday Blitz January 17 Early 2023"]
[White "Zaichenko, Daria"]
[Black "Castellanos Gomez, Alejandro"]
[WhiteFideId "4197453"]
[BlackFideId "22284141"]
[WhiteElo "2104"]
[BlackElo "2253"]
[Result "0-1"]
[Round "09"]
[TimeControl "180+2"]
[Date "2023.01.17"]
[WhiteClock "0:00:12"]
[BlackClock "0:00:05"]

1. e4 d5 2. exd5 Nf6 3. Bb5+ Nbd7 4. c4 a6 5. Bxd7+ Bxd7 6. d4 b5 7. b3 e6 8. dxe6 Bxe6 9. d5 Bg4 10. f3 Bh5 11. Ne2 Bc5 12. Nbc3 O-O 13. Bg5 Re8 14. Ne4 Bb4+ 15. Kf1 Rxe4 16. fxe4 h6 17. Bf4 Nxe4 18. Qd3 Bg6 19. Qh3 Qf6 20. Rd1 Re8 21. g3 Ng5 22. Qg4 Bf5 23. Qh4 Bh3+ 24. Kf2 Ne4+ 25. Kf3 Qf5 26. g4 Ng5+ 27. Kg3 Qe4 28. Bxg5 Qg2+ 29. Kf4 Qe4+ 30. Kg3 Qg2+ 31. Kf4 Re4+ 32. Kf5 g6+ 33. Kf6 Be7# 0-1


[Site "https://www.chess.com"]

[Event "Titled Tuesday Blitz January 17 Early 2023"]
[White "Bashirli, Saadat"]
[Black "Gatterer, Florian"]
[WhiteFideId "13429990"]
[BlackFideId "811688"]
[WhiteElo "1571"]
[BlackElo "2170"]
[Result "1-0"]
[Round "09"]
[TimeControl "180+2"]
[Date "2023.01.17"]
[WhiteClock "0:00:24"]
[BlackClock "0:00:12"]

1. e4 c5 2. c3 d5 3. exd5 Qxd5 4. d4 g6 5. Nf3 Bg7 6. Be2 Nf6 7. O-O O-O 8. dxc5 Qxc5 9. Be3 Qc7 10. Na3 a6 11. Nc4 Nbd7 12. Bd4 b5 13. Nce5 Bb7 14. Nxd7 Nxd7 15. Bxg7 Kxg7 16. Nd4 e5 17. Nf3 Nf6 18. Qc2 Rfd8 19. Rad1 Ng4 20. h3 Nf6 21. Rfe1 e4 22. Nd4 e3 23. fxe3 Be4 24. Qd2 Qg3 25. Bf1 Bb7 26. Qf2 Qe5 27. Qf4 Qe7 28. Qg5 Kh8 29. Re2 Rd5 30. Qf4 Rad8 31. Rf2 Kg7 32. Bd3 Nh5 33. Qe4 Rxd4 34. Qxe7 R8d7 35. Rxf7+ Kh6 36. Rxh7# 1-0


[Site "https://www.chess.com"]

[Event "Titled Tuesday Blitz January 17 Early 2023"]
[White "Zherebtsova, Alexandra"]
[Black "Cramling Bellon, Anna"]
[WhiteFideId "24129518"]
[BlackFideId "32009232"]
[WhiteElo "2155"]
[BlackElo "2043"]
[Result "1-0"]
[Round "09"]
[TimeControl "180+2"]
[Date "2023.01.17"]
[WhiteClock "0:00:13"]
[BlackClock "0:00:05"]

1. d4 Nf6 2. Nf3 d5 3. c4 e6 4. Nbd2 c6 5. e3 Nbd7 6. b3 Be7 7. Bb2 Ne4 8. Bd3 f5 9. Qc2 O-O 10. h3 Ndf6 11. a3 Nxd2 12. Nxd2 Ne4 13. Nf3 b6 14. Ne5 Bb7 15. O-O c5 16. cxd5 exd5 17. dxc5 bxc5 18. Rfd1 Qc7 19. Rac1 Bf6 20. Nf3 Bxb2 21. Qxb2 f4 22. exf4 Qxf4 23. b4 c4 24. Bxe4 dxe4 25. Nd4 e3 26. f3 Qe5 27. Qe2 Bd5 28. Nc2 Rae8 29. Rd4 c3 30. Rcd1 Bb3 31. R4d3 Bxc2 32. Qxc2 e2 33. Re1 Qg3 34. Qxc3 Rc8 35. Qd2 Rfe8 36. Rd4 Qe5 37. Re4 Qf5 38. R4xe2 Rxe2 39. Qxe2 Rf8 40. Qe6+ Qxe6 41. Rxe6 Rd8 42. Re7 a6 43. Re6 Ra8 44. Rb6 a5 45. Kf2 axb4 46. axb4 Ra2+ 47. Kg3 Kf7 48. Rb7+ Kf6 49. b5 Rb2 50. b6 h5 51. h4 g5 52. hxg5+ Kxg5 53. Kh3 Kf5 54. Rh7 Kg6 55. Rb7 Kf6 56. Rb8 Ke7 57. b7 Kd7 58. Rh8 Kc7 59. Rxh5 Rb6 60. Rh7+ Kb8 61. g4 Rxb7 62. Rxb7+ Kxb7 63. Kh4 Kc6 64. Kg5 Kd6 65. Kf6 1-0


[Site "https://www.chess.com"]

[Event "Titled Tuesday Blitz January 17 Early 2023"]
[White "Smietanska, Wiktoria"]
[Black "Luukkonen, Tommi"]
[WhiteFideId "21869359"]
[BlackFideId "501808"]
[WhiteElo "1936"]
[BlackElo "2292"]
[Result "0-1"]
[Round "09"]
[TimeControl "180+2"]
[Date "2023.01.17"]
[WhiteClock "0:02:08"]
[BlackClock "0:02:26"]

1. c4 e6 2. Nc3 d5 3. d4 c6 4. Nf3 Nf6 5. cxd5 exd5 6. Bg5 h6 7. Bh4 Be7 8. e3 Bf5 9. Bd3 Bxd3 10. Qxd3 O-O 11. O-O Nbd7 12. a3 a5 13. Rab1 Re8 14. b4 axb4 15. axb4 Ne4 16. Bxe7 Qxe7 17. Nd2 Nxd2 18. Qxd2 Nb6 19. b5 Nc4 20. Qc2 Na3 21. Qb2 Nxb1 22. Rxb1 Qa3 23. bxc6 Qxb2 24. Rxb2 bxc6 25. h3 Reb8 26. Rxb8+ Rxb8 27. Na4 Kf8 28. Nc5 Ke7 29. Kf1 Rb5 30. Ke2 Kd6 31. Kf3 Rxc5 32. dxc5+ Kxc5 33. Ke2 Kb4 34. Kd3 c5 0-1


[Site "https://www.chess.com"]

[Event "Titled Tuesday Blitz January 17 Early 2023"]
[White "Sonnenschein, Philipp"]
[Black "Samaganova, Aleksandra"]
[WhiteFideId "16250877"]
[BlackFideId "13800221"]
[WhiteElo "2224"]
[BlackElo "1856"]
[Result "0-1"]
[Round "09"]
[TimeControl "180+2"]
[Date "2023.01.17"]
[WhiteClock "0:00:28"]
[BlackClock "0:00:05"]

1. e4 c5 2. Nf3 e6 3. d4 cxd4 4. Nxd4 a6 5. a3 Qc7 6. c4 Nf6 7. Nc3 b6 8. Be3 Bb7 9. f3 d6 10. Rc1 Nbd7 11. Qd2 Rc8 12. Be2 Be7 13. O-O O-O 14. b4 Qb8 15. Rfd1 Bd8 16. Kh1 Bc7 17. Bg1 Rfe8 18. Nb3 d5 19. cxd5 exd5 20. exd5 Bf4 21. Qd3 Bxc1 22. Rxc1 Ne5 23. Qf5 Nxd5 24. Nxd5 Bxd5 25. Rxc8 Qxc8 26. Nd4 Bc4 27. Bxc4 Qxf5 28. Nxf5 Nxc4 29. a4 Re1 30. h4 Rb1 31. Ne7+ Kf8 32. Nd5 Ra1 33. Kh2 Rxa4 34. Nxb6 Nxb6 35. Bxb6 Ke8 36. Bc5 Kd7 37. Kg3 Kc6 38. Kf4 a5 39. Ke5 axb4 40. Bd4 b3 41. Bc3 Ra2 42. f4 b2 43. Bxb2 Rxb2 44. f5 Rb5+ 45. Kf4 f6 0-1


[Site "https://www.chess.com"]

[Event "Titled Tuesday Blitz January 17 Early 2023"]
[White "Jenkins, Drake"]
[Black "Dinu, Dumitru-Daniel"]
[WhiteFideId "2022397"]
[BlackFideId "1208403"]
[WhiteElo "2130"]
[BlackElo "2203"]
[Result "0-1"]
[Round "09"]
[TimeControl "180+2"]
[Date "2023.01.17"]
[WhiteClock "0:00:01"]
[BlackClock "0:00:05"]

1. Nf3 Nf6 2. c4 e6 3. g3 b6 4. Bg2 Bb7 5. O-O Be7 6. Nc3 O-O 7. Rb1 c5 8. d4 cxd4 9. Qxd4 Nc6 10. Qd2 Rc8 11. Rd1 a6 12. b3 Bb4 13. Qd3 Bxc3 14. Qxc3 d5 15. cxd5 Nxd5 16. Qa1 Qe7 17. Bb2 f6 18. a3 Rfd8 19. b4 b5 20. Qa2 Nb6 21. Bh3 Nc4 22. Rdc1 Kh8 23. Bc3 Nb8 24. Bg2 Bd5 25. Qa1 Nd7 26. Nd4 Bxg2 27. Kxg2 Ndb6 28. Rd1 Nd5 29. Nf3 Nce3+ 30. fxe3 Nxe3+ 31. Kf2 Nxd1+ 32. Rxd1 Rxd1 33. Qxd1 Rxc3 34. Qd4 Rc8 35. h4 Ra8 36. Qg4 a5 37. h5 axb4 38. axb4 Ra4 39. h6 gxh6 40. Qh5 Rxb4 41. Qxh6 Qc5+ 42. Kg2 Qe7 43. Nh4 Rxh4 0-1


[Site "https://www.chess.com"]

[Event "Titled Tuesday Blitz January 17 Early 2023"]
[White "Gressmann, Moritz"]
[Black "Lauridsen, Jesper Morch"]
[WhiteFideId "24695084"]
[BlackFideId "1401890"]
[WhiteElo "2129"]
[BlackElo "2309"]
[Result "0-1"]
[Round "09"]
[TimeControl "180+2"]
[Date "2023.01.17"]
[WhiteClock "0:00:07"]
[BlackClock "0:00:13"]

1. Nf3 Nf6 2. e3 g6 3. Bc4 Bg7 4. O-O O-O 5. a4 d5 6. Ba2 Bg4 7. h3 Bxf3 8. Qxf3 e5 9. Nc3 e4 10. Qe2 Nc6 11. d3 exd3 12. cxd3 d4 13. Ne4 Nxe4 14. dxe4 d3 15. Qd2 Re8 16. Bd5 Ne5 17. Bxb7 Nc4 18. Qb4 Rb8 19. Qxc4 Rxb7 20. Rd1 Bxb2 21. Bxb2 Rxb2 22. Rxd3 Qf6 23. Rf1 c6 24. Rd7 a5 25. e5 Rxe5 26. Qc3 Rb4 27. Qa3 Rg5 28. Rfd1 Qf3 29. Rd8+ Kg7 30. Qc3+ Kh6 31. g3 Rf4 32. exf4 Rxg3+ 33. fxg3 Qxc3 34. R1d3 Qc1+ 35. Kg2 Qc2+ 36. Kf3 Qxa4 37. g4 f6 38. h4 Qa1 39. g5+ fxg5 40. hxg5+ Kh5 41. Ke4 Qe1+ 42. Re3 Qb4+ 43. Ke5 Qe7+ 44. Kd4 Qxd8+ 45. Kc5 Qb8 46. Rh3+ Kg4 47. Rxh7 Qxf4 48. Kxc6 Qxg5 49. Kb6 Qf5 50. Ka6 g5 51. Rc7 Qe5 52. Rc4+ Qf4 53. Rc5 Qe3 54. Rc4+ Kg3 55. Kxa5 Qd2+ 56. Ka4 Qd3 57. Rb4 Qc2+ 58. Ka5 g4 59. Ka6 Qc5 60. Rb3+ Kh4 61. Rb8 g3 62. Rh8+ Kg4 63. Rg8+ Kf3 64. Kb7 Qd5+ 65. Ka7 Qxg8 66. Kb7 Qg6 67. Ka7 g2 68. Kb7 g1=Q 69. Ka8 Qe1 70. Kb7 Qe7+ 71. Kc8 Qge8# 0-1


[Site "https://www.chess.com"]

[Event "Titled Tuesday Blitz January 17 Early 2023"]
[White "Cepo, Toni"]
[Black "Tarasova, Viktoriya"]
[WhiteFideId "4675916"]
[BlackFideId "4175840"]
[WhiteElo "2145"]
[BlackElo "2226"]
[Result "0-1"]
[Round "09"]
[TimeControl "180+2"]
[Date "2023.01.17"]
[WhiteClock "0:01:57"]
[BlackClock "0:01:29"]

1. e4 e5 2. Nf3 Nc6 3. Bb5 Nf6 4. O-O Nxe4 5. Re1 Nd6 6. Bxc6 dxc6 7. Nxe5 Be7 8. d4 O-O 9. c3 Bf5 10. Bf4 Kh8 11. Qb3 Rb8 12. Nxf7+ Nxf7 13. Nd2 Nd6 14. Re3 Bg6 15. Rae1 Bg5 16. Bxg5 Qxg5 17. Nf3 Qf6 18. Re6 Qf7 19. Kh1 Rbe8 20. Ng5 Qxf2 21. Rxe8 Nxe8 22. Qe6 Qf1+ 0-1


[Site "https://www.chess.com"]

[Event "Titled Tuesday Blitz January 17 Early 2023"]
[White "Andreev, Konstantin"]
[Black "Thomas, Anysia"]
[WhiteFideId "24239305"]
[BlackFideId "670472"]
[WhiteElo "2195"]
[BlackElo "2147"]
[Result "1-0"]
[Round "09"]
[TimeControl "180+2"]
[Date "2023.01.17"]
[WhiteClock "0:00:09"]
[BlackClock "0:00:03"]

1. e4 c5 2. Nf3 g6 3. d4 cxd4 4. Nxd4 Nc6 5. Nc3 Bg7 6. Be3 Nf6 7. Bc4 O-O 8. f3 Qb6 9. Bb3 Nxe4 10. fxe4 Bxd4 11. Bh6 Bf2+ 12. Kf1 Bh4 13. Qd2 Re8 14. Qf4 Bf6 15. Nd5 Qd4 16. Nc7 b6 17. c3 Ba6+ 18. Ke1 Qd3 19. Nxa6 Qxa6 20. Bg5 Na5 21. Bc2 b5 22. h4 Nc4 23. h5 Qe6 24. hxg6 fxg6 25. Ke2 Bxg5 26. Qxg5 Rf8 27. Rh3 Rf7 28. Rah1 Nxb2 29. Bb3 Qxe4+ 30. Kd2 Nc4+ 31. Kc1 Na3 32. Kb2 Qb1+ 33. Rxb1 Nxb1 34. Kxb1 a5 35. Bxf7+ Kxf7 36. Rxh7+ 1-0


[Site "https://www.chess.com"]

[Event "Titled Tuesday Blitz January 17 Early 2023"]
[White "Rodrigues, Leonardo De Miranda"]
[Black "Dwilewicz, Katarzyna"]
[WhiteFideId "2108658"]
[BlackFideId "1148486"]
[WhiteElo "2112"]
[BlackElo "2115"]
[Result "1-0"]
[Round "09"]
[TimeControl "180+2"]
[Date "2023.01.17"]
[WhiteClock "0:00:43"]
[BlackClock "0:00:25"]

1. d4 d5 2. Nf3 g6 3. c4 dxc4 4. e4 Bg7 5. Bxc4 c5 6. Qb3 e6 7. d5 exd5 8. Bxd5 Qe7 9. Bg5 Nf6 10. Nc3 h6 11. Bh4 O-O 12. O-O Nc6 13. Bxc6 bxc6 14. e5 g5 15. exf6 Qxf6 16. Bg3 Be6 17. Qa3 g4 18. Ne5 h5 19. Ne4 Qh6 20. f4 gxf3 21. Rxf3 Bd5 22. Re1 Rfe8 23. Rf5 Qh7 24. Qf3 Rad8 25. Rxh5 Bxe4 26. Rxe4 Bh6 27. Rxh6 Rd1+ 28. Be1 Qxh6 29. Qxf7+ Kh8 30. Qxe8+ Kh7 31. Qf7+ Kh8 32. Ng6+ Qxg6 33. Re8+ 1-0


[Site "https://www.chess.com"]

[Event "Titled Tuesday Blitz January 17 Early 2023"]
[White "Ezat, Mohamed"]
[Black "Matveeva, Olga"]
[WhiteFideId "10600906"]
[BlackFideId "24107018"]
[WhiteElo "2402"]
[BlackElo "2128"]
[Result "0-1"]
[Round "09"]
[TimeControl "180+2"]
[Date "2023.01.17"]
[WhiteClock "0:00:02"]
[BlackClock "0:00:08"]

1. e4 e6 2. d4 d5 3. Nd2 c5 4. Ngf3 cxd4 5. Nxd4 Nf6 6. Bb5+ Bd7 7. Qe2 Nc6 8. Nxc6 bxc6 9. Bd3 e5 10. O-O Bd6 11. c4 O-O 12. cxd5 cxd5 13. exd5 Nxd5 14. Bxh7+ Kxh7 15. Qd3+ g6 16. Qxd5 Be6 17. Qf3 Kg7 18. Ne4 Be7 19. Qg3 f6 20. Be3 Rh8 21. Rfd1 Qa5 22. a3 Rac8 23. b4 Qa4 24. Bc5 Rhd8 25. Re1 Qe8 26. Bxe7 Qxe7 27. f4 f5 28. Nc5 e4 29. Qc3+ Kf7 30. Rad1 Rxd1 31. Rxd1 Rd8 32. Re1 Qd6 33. Qh3 Qd4+ 34. Kh1 Rh8 35. Qg3 Bc4 36. h3 a5 37. Rb1 a4 38. Rc1 Rd8 39. Qc3 Be6 40. Qc2 e3 41. Qxa4 Qxf4 42. Qa7+ Kf6 43. Qb6 Re8 44. Nd7+ Kg7 45. Nc5 e2 46. Nxe6+ Rxe6 47. Rc7+ Kf6 48. Rc6 e1=Q+ 0-1


[Site "https://www.chess.com"]

[Event "Titled Tuesday Blitz January 17 Early 2023"]
[White "Levitan, Caleb Levi"]
[Black "Biastoch, Bennet"]
[WhiteFideId "14332620"]
[BlackFideId "12939889"]
[WhiteElo "2129"]
[BlackElo "2257"]
[Result "0-1"]
[Round "09"]
[TimeControl "180+2"]
[Date "2023.01.17"]
[WhiteClock "0:00:01"]
[BlackClock "0:01:19"]

1. e4 c5 2. Nf3 d6 3. d4 cxd4 4. Nxd4 Nf6 5. Nc3 a6 6. Bc4 e6 7. Bb3 b5 8. Qf3 Qc7 9. Bg5 Nbd7 10. O-O-O Bb7 11. Rhe1 Rc8 12. Qg3 Nc5 13. Bxf6 gxf6 14. Bd5 b4 15. Bxb7 Qxb7 16. Nd5 exd5 17. exd5+ Kd8 18. Qf4 Nd7 19. Nc6+ Kc7 20. Rd4 h5 21. Rc4 Bh6 22. Nd4+ Kb8 23. Rxc8+ Qxc8 24. Qxh6 Rxh6 25. Nc6+ Kc7 26. Re7 Rg6 27. Nxb4 Rxg2 28. Nxa6+ Qxa6 0-1


[Site "https://www.chess.com"]

[Event "Titled Tuesday Blitz January 17 Early 2023"]
[White "Estrada Nieto, Julian"]
[Black "Abdilkhair, Abilmansur"]
[WhiteFideId "5101018"]
[BlackFideId "13716417"]
[WhiteElo "2215"]
[BlackElo "2268"]
[Result "1-0"]
[Round "09"]
[TimeControl "180+2"]
[Date "2023.01.17"]
[WhiteClock "0:01:18"]
[BlackClock "0:01:54"]

1. e4 e5 2. Nf3 Nc6 3. Bb5 a6 4. Bxc6 dxc6 5. O-O Bd6 6. d4 exd4 7. Qxd4 f6 8. Nbd2 Ne7 9. Nc4 Bg4 10. e5 Bxf3 11. exd6 Bh5 12. Qh4 cxd6 13. Qxh5+ g6 14. Qe2 d5 15. Rd1 Kf7 16. Bf4 Nf5 17. g4 Re8 18. Qf3 Re4 19. Qxe4 dxe4 20. Rxd8 Rxd8 21. gxf5 gxf5 22. Kf1 Ke6 23. Ke2 b5 24. Ne3 Rg8 25. Rd1 a5 26. Rd6+ 1-0


[Site "https://www.chess.com"]

[Event "Titled Tuesday Blitz January 17 Early 2023"]
[White "Degtiarev, Evgeny"]
[Black "Legenia, Artem"]
[WhiteFideId "4149610"]
[BlackFideId "14136945"]
[WhiteElo "2385"]
[BlackElo "2092"]
[Result "1-0"]
[Round "09"]
[TimeControl "180+2"]
[Date "2023.01.17"]
[WhiteClock "0:00:17"]
[BlackClock "0:00:36"]

1. d4 g6 2. c4 Bg7 3. Nc3 b6 4. e4 Bb7 5. Nf3 d6 6. h3 e6 7. Be3 h6 8. Bd3 Ne7 9. Qd2 a6 10. g4 Nd7 11. h4 c5 12. h5 cxd4 13. Bxd4 Bxd4 14. Nxd4 Ne5 15. Be2 g5 16. Nc2 Qc7 17. Ne3 O-O-O 18. a4 Kb8 19. b4 N7c6 20. Rb1 a5 21. Nb5 Qe7 22. bxa5 bxa5 23. Nd4 Nb4 24. Nb3 Bxe4 25. Nxa5 Bxb1 26. Qxb4+ Kc8 27. Qxb1 Qc7 28. Qb5 Qb8 29. O-O Qxb5 30. cxb5 Kd7 31. Nb3 Rb8 32. a5 Rhc8 33. b6 d5 34. Bb5+ Ke7 35. Nd4 Rc3 36. Ra1 Kd6 37. a6 Rxb6 38. a7 1-0


[Site "https://www.chess.com"]

[Event "Titled Tuesday Blitz January 17 Early 2023"]
[White "Melikhov, Evgeny V."]
[Black "Lakshmi C"]
[WhiteFideId "4122046"]
[BlackFideId "25035347"]
[WhiteElo "2269"]
[BlackElo "1928"]
[Result "1-0"]
[Round "09"]
[TimeControl "180+2"]
[Date "2023.01.17"]
[WhiteClock "0:00:46"]
[BlackClock "0:00:06"]

1. d4 Nf6 2. c4 e6 3. Nc3 Bb4 4. Qc2 d5 5. cxd5 exd5 6. Bg5 O-O 7. a3 Be7 8. e3 h6 9. Bh4 c6 10. Bd3 Re8 11. Nf3 Nbd7 12. O-O Nf8 13. h3 b6 14. Ne5 Bb7 15. f4 Rc8 16. Qf2 N6d7 17. Bxe7 Qxe7 18. Rae1 c5 19. g4 a6 20. Kh2 b5 21. Rg1 b4 22. axb4 cxb4 23. Na4 Qd6 24. Rc1 a5 25. Qd2 Red8 26. Rxc8 Rxc8 27. Rc1 f6 28. Ng6 Rxc1 29. Qxc1 Qc6 30. Qxc6 Bxc6 31. Ne7+ Kf7 32. Nxc6 1-0


[Site "https://www.chess.com"]

[Event "Titled Tuesday Blitz January 17 Early 2023"]
[White "Seletsky, Grigory"]
[Black "Martin, Lewis"]
[WhiteFideId "14112191"]
[BlackFideId "410551"]
[WhiteElo "2259"]
[BlackElo "2135"]
[Result "1-0"]
[Round "09"]
[TimeControl "180+2"]
[Date "2023.01.17"]
[WhiteClock "0:00:12"]
[BlackClock "0:00:02"]

1. e4 c5 2. Nf3 d6 3. d4 cxd4 4. Nxd4 Nf6 5. Nc3 a6 6. f3 e5 7. Nb3 Be7 8. Be3 Be6 9. Qd2 O-O 10. O-O-O Qc8 11. Kb1 Rd8 12. Nd5 Nxd5 13. exd5 Bf5 14. g4 Bg6 15. h4 h6 16. Bd3 Bxd3 17. Qxd3 a5 18. Nd2 Na6 19. Ne4 Nb4 20. Qe2 Qd7 21. a3 Rdc8 22. Rc1 Nxd5 23. g5 h5 24. g6 fxg6 25. Rcg1 Nxe3 26. Qxe3 Qf5 27. Rg2 d5 28. Ng3 Qf6 29. Qd3 Rc5 30. Rhg1 Rac8 31. Nxh5 gxh5 32. Rxg7+ Qxg7 33. Rxg7+ Kxg7 34. Qf5 Bf6 35. c3 R5c7 36. Qxh5 Rh8 37. Qg4+ Kf7 38. h5 d4 39. cxd4 exd4 40. Qg6+ Ke7 41. Qe4+ Kd6 42. Qf5 Rf7 43. f4 Rhf8 44. Qxa5 Bd8 45. Qe5+ Kc6 46. Qxd4 Rxf4 47. Qc3+ Kb6 48. h6 R4f6 49. h7 Rh8 50. Qb3+ Kc7 51. Qg8 Rf8 52. Qg7+ Kb8 53. Ka2 Bf6 54. Qg3+ Ka8 55. Qg6 Bd4 56. b4 Rf2+ 57. Kb3 Rh2 58. Qg8+ Ka7 59. Qd5 Bb6 60. a4 R2xh7 61. a5 Rh3+ 62. Ka4 Bc7 63. Qc5+ Kb8 64. Qb5 R3h5 65. Qd7 R5h7 66. Qd3 Rd8 67. Qc4 Rhd7 68. a6 bxa6 69. Qxa6 Rd6 70. Qc4 Rb6 71. Qc5 Kb7 72. Kb3 Rb8 73. b5 Bd6 74. Qd5+ Ka7 75. Kc4 Rc8+ 76. Kd4 Rc5 77. Qf7+ Rb7 78. Qe6 Bc7 79. Qa6+ Kb8 80. Kxc5 Ra7 81. Qe6 Rb7 82. Qe8+ Ka7 83. Qc8 Bb6+ 84. Kb4 Rb8 85. Qa6# 1-0


[Site "https://www.chess.com"]

[Event "Titled Tuesday Blitz January 17 Early 2023"]
[White "Kostenko, Petr"]
[Black "Broca Jimenez, Fernando"]
[WhiteFideId "13700669"]
[BlackFideId "5104742"]
[WhiteElo "2371"]
[BlackElo "2075"]
[Result "1-0"]
[Round "09"]
[TimeControl "180+2"]
[Date "2023.01.17"]
[WhiteClock "0:00:20"]
[BlackClock "0:00:03"]

1. c4 Nf6 2. g3 g6 3. Bg2 Bg7 4. Nc3 d6 5. e4 O-O 6. Nge2 Nbd7 7. d3 e5 8. O-O a5 9. f4 exf4 10. gxf4 Re8 11. Kh1 Nc5 12. Be3 Bg4 13. Qd2 h5 14. Rae1 Bxe2 15. Rxe2 Ng4 16. Bg1 Ne6 17. d4 Qh4 18. h3 Rad8 19. f5 Ng5 20. Qd3 Nh7 21. Nd5 c6 22. fxg6 fxg6 23. Nf4 Nf8 24. e5 dxe5 25. Nxg6 Nxg6 26. Qxg6 Rf8 27. Rxf8+ Rxf8 28. dxe5 Nh6 29. e6 Rf6 30. Qe4 Rf8 31. Qxh4 1-0


[Site "https://www.chess.com"]

[Event "Titled Tuesday Blitz January 17 Early 2023"]
[White "Torres Dominguez, David"]
[Black "Fathy, Elameir"]
[WhiteFideId "2220857"]
[BlackFideId "10600396"]
[WhiteElo "1994"]
[BlackElo "2300"]
[Result "0-1"]
[Round "09"]
[TimeControl "180+2"]
[Date "2023.01.17"]
[WhiteClock "0:00:13"]
[BlackClock "0:00:13"]

1. e4 c5 2. Nc3 a6 3. f4 b5 4. Nf3 Bb7 5. d3 e6 6. Be2 Nf6 7. O-O d5 8. e5 Nfd7 9. Qe1 Nc6 10. Bd2 Be7 11. a4 b4 12. Nd1 a5 13. Qg3 g6 14. Ne3 Nb6 15. h4 h5 16. Ng5 Nd4 17. Bd1 Qd7 18. c3 Nf5 19. Nxf5 gxf5 20. Qf2 Bf8 21. cxb4 axb4 22. a5 Nc8 23. d4 c4 24. Ba4 Bc6 25. Bxc6 Qxc6 26. Qe1 Qb5 27. a6 Be7 28. Nf3 Rxa6 29. Rxa6 Qxa6 30. Bxb4 Qb5 31. Bxe7 Kxe7 32. Qg3 Qxb2 33. Qg7 Rf8 34. Qg5+ Ke8 35. Qxh5 c3 36. Ne1 c2 37. Nd3 Qxd4+ 38. Nf2 Qxf4 39. Qe2 c1=Q 40. Qb5+ Kd8 41. Qa5+ Qc7 42. Qb4 Qxb4 0-1


[Site "https://www.chess.com"]

[Event "Titled Tuesday Blitz January 17 Early 2023"]
[White "Houska, Jovanka"]
[Black "Kiseleva, Arina"]
[WhiteFideId "405094"]
[BlackFideId "4164989"]
[WhiteElo "2338"]
[BlackElo "1962"]
[Result "1-0"]
[Round "09"]
[TimeControl "180+2"]
[Date "2023.01.17"]
[WhiteClock "0:00:05"]
[BlackClock "0:00:02"]

1. d4 Nf6 2. Nf3 e6 3. c4 Bb4+ 4. Bd2 Bxd2+ 5. Qxd2 d5 6. e3 O-O 7. Nc3 Qe7 8. Rc1 Rd8 9. cxd5 exd5 10. Bd3 Nc6 11. a3 Bg4 12. Ne2 Ne4 13. Qc2 Bxf3 14. gxf3 Ng5 15. f4 Nf3+ 16. Kf1 Qh4 17. h3 Qh6 18. h4 Nxh4 19. Ng3 Qf6 20. Bxh7+ Kf8 21. Bd3 Ne7 22. Ke2 Nhg6 23. Qxc7 Rac8 24. Qxb7 Rxc1 25. Rxc1 Nxf4+ 26. exf4 Qxd4 27. Qb4 Qf6 28. f5 Re8 29. Kf1 Kg8 30. Kg2 Nc6 31. Qc3 Ne5 32. Be2 Qg5 33. Qe3 Qxe3 34. fxe3 Ng4 35. Bxg4 Rxe3 36. Bf3 Rb3 37. Rc2 d4 38. Rd2 d3 39. Be4 a5 40. Bxd3 a4 41. Be2 f6 42. Ne4 Kh8 43. Bc4 1-0


[Site "https://www.chess.com"]